 Dungeon Crawl Stone Soup version 0.31-a0-152-g6aa68a64a1 (webtiles) character file.

Game seed: 1649457072636989774

150 qw the Shooter (level 5, -3/46 HPs)
             Began as a Minotaur Hunter on June 9, 2023.
             Slain by an orc wizard
             ... wielding a +4 dagger
              (4 damage)
             ... on level 3 of the Dungeon.
             The game lasted 00:00:42 (2145 turns).

qw the Shooter (Minotaur Hunter)                    Turns: 2145, Time: 00:00:43

Health: -3/46      AC:  3    Str: 15    XL:     5   Next: 10%
Magic:  4/4        EV: 12    Int:  6    God:
Gold:   136        SH:  0    Dex: 16    Spells: 4/4 levels left

rFire   . . .        Y - +0 shortbow (flame)
rCold   . . .        (shield currently unavailable)
rNeg    . . .        c - +0 leather armour
rPois   .            (helmet restricted)
rElec   .            (no cloak)
rCorr   .            (no gloves)
SInv    .            (no boots)
Will    .....        (no amulet)
Stlth   +            (no ring)
HPRegen 0.27/turn    (no ring)
MPRegen 0.09/turn

%: no passive effects
@: no status effects
A: horns 2, retaliatory headbutt
a: no special abilities


You were on level 3 of the Dungeon.
You visited 1 branch of the dungeon, and saw 3 of its levels.

You collected 136 gold pieces.


Innate Abilities, Weirdness & Mutations

You have a pair of horns on your head.
You reflexively headbutt those who attack you in melee.


   Skills:
 - Level 4.0 Fighting
 + Level 6.4 Ranged Weapons
 - Level 2.1 Dodging
 - Level 0.7 Stealth


You had 4 spell levels left.
You didn't know any spells.
Your spell library was empty.

Inventory:

Hand Weapons
 Y - a +0 shortbow of flaming (weapon)
Armour
 c - a +0 leather armour (worn)
Jewellery
 f - a ring of ice
Scrolls
 d - a scroll of teleportation
Potions
 a - a potion of lignification {unknown}
 b - a potion of heal wounds {unknown}
 g - a potion of attraction {unknown}
 h - a potion of might {unknown}
 i - a potion of curing {unknown}

Dungeon Overview and Level Annotations

Branches:
Dungeon (3/15)

Altars:
Hepliaklqana


Message History

The arrow hits the orc but does no damage.
The orc is moderately wounded.
The orc hits you with a +0 hand axe.
You shoot an arrow. The arrow closely misses the orc.
You shoot an arrow. The arrow hits the orc.
The arrow burns the orc.
The orc is severely wounded.
The orc wizard mumbles some strange words.
The orc wizard flickers and vanishes!
Deactivating autopickup; reactivate with Ctrl-A.
You shoot an arrow. The arrow hits the orc.
The arrow burns the orc.
You kill the orc!
You shoot an arrow. The arrow hits the frilled lizard.
The arrow burns the frilled lizard.
You kill the frilled lizard!
You shoot an arrow. The arrow hits the orc.
The arrow burns the orc.
The orc is heavily wounded.
You hear some strange, mumbled words.
Something tries to affect you, but you resist.
You shoot an arrow. The arrow barely misses the orc.
The orc barely misses you.
You shoot an arrow. The arrow barely misses the orc.
The orc closely misses you. You furiously retaliate!
You headbutt the orc. Something hits you. The orc closely misses you.
You shoot an arrow. The arrow barely misses the orc.
Something hits you. The orc hits you but does no damage.
The orc hits you with a +0 mace.
You shoot an arrow.
The arrow hits the orc but does no damage.
The orc is heavily wounded.
The orc hits you with a +0 mace. Something hits you.
The orc hits you with a +0 hand axe.
You shoot an arrow. The arrow barely misses the orc.
The orc barely misses you. Something barely misses you.
The orc hits you with a +0 hand axe.
You shoot an arrow. The arrow hits the orc.
The arrow burns the orc.
The orc is severely wounded.
The orc hits you with a +0 mace. Something hits you.
The orc hits you with a +0 hand axe. The orc hits you with a +0 mace!
Something hits you.
You die...

..... #.. ..... #..
.... ##.. #.#.##
#######... ....#
#......... #b#%#
##.###.....
#o#o#####..........
#.@................
#.#.#............#.
#.#.........#..###.
#..............# #.
##..#.........## #.
#..#.).......## ##
##..#......##..####
##.....)....###.....
.....#......# ####..


You could see 2 orcs and a bat.

Vanquished Creatures
  An orc priest (D:3)
  5 gnolls
  An adder (D:2)
  A dart slug (D:3)
  7 orcs (D:3)
  6 ball pythons
  6 endoplasms
  4 giant cockroaches
  4 goblins
  4 hobgoblins (D:1)
  A kobold (D:3)
  A quokka (D:1)
  5 bats
  5 frilled lizards
  5 rats
56 creatures vanquished.

Notes
Turn   | Place    | Note
-------+----------+-------------------------------------------
     0 | D:1      | qw the Minotaur Hunter began the quest for the Orb.
     0 | D:1      | Reached XP level 1. HP: 18/18 MP: 0/0
     0 | D:1      | 0 ||| qw: Version: 0.2-a-122-g1db1318
     0 | D:1      | 0 ||| qw: Game counter: 3244
     0 | D:1      | 0 ||| qw: Always use a shield: true
     0 | D:1      | 0 ||| qw: God list: Okawaru
     0 | D:1      | 0 ||| qw: Allow faded altars: false
     0 | D:1      | 0 ||| qw: Do Orc after D:15 true
     0 | D:1      | 0 ||| qw: Do second Lair branch before Depths: true
     0 | D:1      | 0 ||| qw: Lair rune preference: random
     0 | D:1      | 0 ||| qw: Plans: Normal
     0 | D:1      | 0 ||| PLANNING D:1-11
   240 | D:1      | Reached XP level 2. HP: 25/25 MP: 1/1
   309 | D:1      | Reached skill level 5 in Ranged Weapons
   697 | D:1      | Reached skill level 3 in Fighting
   697 | D:1      | Reached XP level 3. HP: 31/31 MP: 2/2
   776 | D:1      | Found a faded altar of an unknown god.
   793 | D:1      | 793 ||| READING scroll labelled FUSHRI SEOHIN.
   794 | D:1      | 794 ||| READING scroll labelled KIMOITWODO.
   795 | D:1      | 795 ||| DROPPING scroll of butterflies.
   918 | D:2      | Found a hazy altar of Hepliaklqana.
  1650 | D:2      | 1650 ||| READING scroll labelled WOFOUNUERU.
  1655 | D:2      | 1655 ||| READING scroll labelled ELLOBB QOSAIPS.
  1656 | D:2      | 1656 ||| DRINKING 2 murky dark potions.
  1657 | D:2      | 1657 ||| DROPPING potion of enlightenment.
  1781 | D:3      | Reached XP level 4. HP: 21/38 MP: 3/3
  1786 | D:3      | Reached skill level 6 in Ranged Weapons
  2012 | D:3      | Reached XP level 5. HP: 28/46 MP: 4/4
  2145 | D:3      | HP: 11/46 [orc/+0 mace (4)]
  2145 | D:3      | HP: 1/46 [orc/+0 mace (7)]
  2145 | D:3      | Slain by an orc wizard

Levels and vault maps discovered:
D:1:      dpeg_arrival_round_a, layout_loops_ring,
          hellmonk_ecumenical_altar_zigzags
D:2:      layout_loops_corners, basic_altar
D:3:      layout_rooms

Skill      XL: |  1  2  3  4 |
---------------+-------------+-----
Ranged Weapons | 5 6 |  6.4
Fighting       | 3 4 |  4.0
Dodging        | |  2.1
Stealth        | |  0.7

Action                     |  1- 3 |  4- 6 || total
---------------------------+-------+-------++-------
   Fire: Shortbow          |   114 |    55 ||   169
    Use: Scroll            |     4 |       ||     4
         Potion            |     1 |       ||     1
 Armour: Leather armour    |     6 |     6 ||    12
  Dodge: Dodged            |    20 |    21 ||    41

Table legend:
 A = Non-vault XP
 B = Vault XP
 C = Vault XP percentage of total XP
 D = Non-vault monster count
 E = Vault monster count
 F = Vault count percentage of total count
                 A         B        C        D         E       F
            +---------+---------+-------+---------+---------+-------
      Total |     215 |       0 |   0.0 |      56 |       0 |   0.0
            +---------+---------+-------+---------+---------+-------
        D:1 |      51 |       0 |   0.0 |      23 |       0 |   0.0
        D:2 |      30 |       0 |   0.0 |      12 |       0 |   0.0
        D:3 |     134 |       0 |   0.0 |      21 |       0 |   0.0
            +---------+---------+-------+---------+---------+-------
